 Dungeon Crawl Stone Soup version 0.25.1-2-g60ff931df9 (webtiles) character file.

Game seed: 42366049073389689

39 DogServant the Skirmisher (level 3, -13/29 HPs)
             Began as a Formicid Skald on Oct 12, 2020.
             Mangled by a gnoll
             ... wielding a +0 halberd
              (19 damage)
             ... on level 2 of the Dungeon.
             The game lasted 00:01:55 (1537 turns).

DogServant the Skirmisher (Formicid Skald)          Turns: 1537, Time: 00:01:55

Health: -13/29     AC:  3    Str: 16    XL:     3   Next: 67%
Magic:  12/15      EV: 11    Int: 12    God:
Gold:   86         SH:  0    Dex: 10    Spells: 3/6 levels left

rFire    . . .     SeeInvis +   a - +0 hand axe
rCold    . . .     Gourm    .   (no shield)
rNeg     . . .     Faith    .   b - +0 leather armour
rPois    .         Spirit   .   (helmet unavailable)
rElec    .         Reflect  .   (no cloak)
rCorr    .         Harm     .   (no gloves)
MR       .....                  (no boots)
Stlth    +.........             f - amulet of magic regeneration
HPRegen  0.09/turn              c - ring of magical power
MPRegen  0.39/turn              (no ring)

@: infused, singing
A: permanent stasis, dig shafts and tunnels, four strong arms, antennae 3
a: Dig, Shaft Self


You were on level 2 of the Dungeon.
You were not hungry.

You visited 1 branch of the dungeon, and saw 2 of its levels.

You collected 86 gold pieces.

Inventory:

Hand Weapons
 a - a +0 hand axe (weapon)
Armour
 b - a +0 leather armour (worn)
Jewellery
 c - a ring of magical power (left hand)
 f - an amulet of magic regeneration (around neck)
Scrolls
 e - a scroll of enchant weapon {unknown}
 g - 2 scrolls of identify {unknown}
 i - a scroll of blinking {unknown}
 j - a scroll of immolation {unknown}
Potions
 k - a potion of heal wounds {unknown}
 l - a potion of curing {unknown}
 m - a potion of might {unknown}
Comestibles
 d - 4 rations


   Skills:
 + Level 3.3 Fighting
 + Level 3.0 Axes
 - Level 1.1 Armour
 - Level 1.7 Dodging
 - Level 2.1 Spellcasting
 - Level 3.0 Charms


You had 3 spell levels left.
You knew the following spells:

 Your Spells              Type           Power        Failure   Level  Hunger
a - Infusion              Chrm           #...         10%         1    ##.....
b - Song of Slaying       Chrm           #.......     14%         2    ###....

Your spell library contained the following spells:

 Spells                   Type           Power        Failure   Level  Hunger
 Shroud of Golubria       Chrm/Tloc      #.....       26%         2    ###....
 Ozocubu's Armour         Chrm/Ice       #.......     47%         3    ####...
 Spectral Weapon          Hex/Chrm       #.......     47%         3    ####...


Dungeon Overview and Level Annotations

Branches:
Dungeon (2/15)

Altars:


Innate Abilities, Weirdness & Mutations

You cannot be hasted, slowed, berserked, paralysed or teleported.
You can dig through walls and to a lower floor.
Your four strong arms can wield two-handed weapons with a shield.
You have a pair of large antennae on your head. (SInv)


Message History

The gnoll shouts! x2
The gnoll hits you from afar with a +0 halberd!
Casting: Infusion (safe; 10% risk of failure)
Confirm with . or Enter, or press ? or * to list all spells.
You start singing a song of slaying.
You hit the gnoll.
The gnoll is lightly wounded.
The gnoll closely misses you. x2
The gnoll hits you with a cursed +0 whip.
You hit the gnoll.
The gnoll is severely wounded.
The gnoll hits you from afar with a +0 halberd.
* * * LOW HITPOINT WARNING * * *
The gnoll barely misses you.
You hit the gnoll!
You kill the gnoll!
Your Axes skill increases to level 3!
The gnoll hits you from afar with a +0 halberd!!
Ouch! That really hurt!
You die...

##.....#
##.....# .#
.......# .#
##....## ..
...#### .#
##.# .# #.#
.# #.#
#######.###.#
#.#
#....@).....#
#.#
#.#####g#####
#.# #.# {#
{#.# #.# g#
#.# #.# .#
#.# #.# .#
#.# #.# g#
#.# #.# .#
#.#########.#


You could see a gnoll.

Vanquished Creatures
  A gnoll (D:2)
  A worm (D:2)
  A leopard gecko (D:1)
  2 hobgoblins (D:1)
  4 jackals (D:1)
  2 bats (D:1)
  3 frilled lizards
  2 goblins (D:1)
  7 kobolds (D:1)
  5 rats
28 creatures vanquished.

Notes
Turn   | Place    | Note
-------+----------+-------------------------------------------
     0 | D:1      | DogServant the Formicid Skald began the quest for the Orb.
     0 | D:1      | Reached XP level 1. HP: 16/16 MP: 3/3
   154 | D:1      | Reached XP level 2. HP: 18/23 MP: 0/5
   932 | D:1      | Reached XP level 3. HP: 23/29 MP: 2/6
  1530 | D:2      | Learned a level 2 spell: Song of Slaying
  1537 | D:2      | Mangled by a gnoll

Illustrated notes

Levels and vault maps discovered:
D:1:      minmay_arrival_semitransparent, layout_loops_corners,
          supply_closet_lemuel
D:2:      minmay_diamond_boxcup, layout_basic

Skill      XL: |  1  2  3 |
---------------+----------+-----
Fighting       | 3 |  3.3
Axes           | 3 |  3.0
Armour         | |  1.1
Dodging        | |  1.7
Spellcasting   | |  2.1
Charms         | |  3.0

Action                   || total
-------------------------++-------
Melee: Hand axe          ||    99
 Cast: Infusion          ||     6
       Song of Slaying   ||     1
  Eat: Chunk             ||     2
Armor: Leather armour    ||    24
Dodge: Dodged            ||    67
